 Dungeon Crawl Stone Soup version 0.19.5 (webtiles) character file.

421 miragecloak the Insei (level 6, -4/51 HPs)
             Began as a Naga Transmuter on Apr 24, 2017.
             Slain by a gnoll
             ... wielding a +1 spear of freezing
              (5 damage)
             ... on level 4 of the Dungeon.
             The game lasted 00:06:21 (3841 turns).

miragecloak the Insei (Naga Transmuter)             Turns: 3841, Time: 00:06:22

Health: -4/51      AC:  2    Str: 14    XL:     6   Next: 94%
Magic:  2/9        EV: 19    Int: 13    God:
Gold:   340        SH:  0    Dex: 19    Spells: 2 memorised, 5 levels left

rFire  . . .     SeeInvis +       - Unarmed
rCold  . . .     Gourm    .     (armour currently unavailable)
rNeg   . . .     Faith    .     (shield currently unavailable)
rPois  x         Spirit   .     (helmet currently unavailable)
rElec  .         Reflect  .     (cloak currently unavailable)
rCorr  .         Harm     .     (gloves currently unavailable)
MR     .....                    (no barding)
Stlth  +.........               (no amulet)
                                (no ring)
                                t - ring of loudness (curse)

@: spider-form
A: (iridescent scales 0), see invisible, (deformed body), sense surroundings 1,
(poison resistance), (slowness 0), slow metabolism 1, spit poison 1, strong 1,
AC +2
a: Spit Poison, End Transformation


You were on level 4 of the Dungeon.
You were hungry.
You were a venomous arachnid creature.
You visited 1 branch of the dungeon, and saw 5 of its levels.

You collected 340 gold pieces.

Inventory:

Missiles
 a - 153 arrows
Armour
 b - a +0 robe (melded)
 g - a +0 helmet (melded)
Jewellery
 q - an uncursed amulet of guardian spirit
 t - a cursed ring of loudness (left front leg)
Scrolls
 e - 3 scrolls of identify
 i - 3 scrolls of remove curse
 l - 3 scrolls of enchant armour {unknown}
 o - 2 scrolls of blinking {unknown}
 r - a scroll of fear {unknown}
 u - a scroll of fog {unknown}
Potions
 f - a potion of flight {unknown}
 h - a potion of berserk rage {unknown}
 j - a potion of haste {unknown}
 m - 2 potions of curing {unknown}
 s - 2 potions of might {unknown}
Books
 c - a book of Changes

   Spells                             Type                      Level
   a - Beastly Appendage              Transmutation                1
   b - Sticks to Snakes               Transmutation                2
   c - Spider Form                    Transmutation/Poison         3
   d - Ice Form                       Ice/Transmutation            4
   e - Blade Hands                    Transmutation                5
Comestibles
 d - 3 bread rations
 k - a meat ration
 n - a royal jelly
 p - 2 fruits


   Skills:
 - Level 1.0 Fighting
 - Level 1.5 Dodging
 + Level 5.8 Unarmed Combat
 - Level 2.0 Spellcasting
 - Level 4.3 Transmutations
 - Level 3.3 Poison Magic


You had 5 spell levels left.
You knew the following spells:

 Your Spells              Type           Power        Failure   Level  Hunger
a - Beastly Appendage     Tmut           ##....       17%         1    ##.....
b - Spider Form           Tmut/Pois      ##........   36%         3    ####...


Dungeon Overview and Level Annotations

Branches:
Dungeon (5/15)
 Temple: D:4-7

Altars:
Ashenzari
Elyvilon
Nemelex Xobeh
Qazlal
Trog


Innate Abilities, Weirdness & Mutations

You cannot wear boots.
((Your serpentine skin is tough. (AC +2)))
You have supernaturally acute eyesight. (SInv)
((Armour fits poorly on your strangely shaped body.))
((Your system is resistant to poisons. (rPois)))
((You cover ground very slowly.))
You have a slow metabolism.
You can spit poison.
((You are partially covered in iridescent scales. (AC +2)))
You passively map a small area around you.
Your muscles are strong. (Str +2)


Message History

There is a stone staircase leading down here.
Unknown command.
Casting: Spider Form
Confirm with . or Enter, or press ? or * to list all spells.
You turn into a venomous arachnid creature.
Your +0 helmet melds into your body.
Your +0 robe melds into your body.
You are feeling hungry.
The gnoll hits you with a spear of freezing!
* * * LOW HITPOINT WARNING * * *
The gnoll freezes you.
* * * LOW HITPOINT WARNING * * *
The gnoll barely misses you. The frilled lizard misses you.
The gnoll hits you with a spear.
* * * LOW HITPOINT WARNING * * *
The gnoll hits you with a club.
* * * LOW HITPOINT WARNING * * *
You hit the gnoll.
The gnoll is poisoned.
The gnoll is moderately wounded.
The gnoll hits you with a spear of freezing.
You die...

#......###......#
#.#####.#.##.#..#
#.# ##..##.#†.# #.#
#....÷...#
#.#######.##.##.#
#.##...##.##.#...
#.##...##........
###g.......###.....
#lsg...............
#gg#.......#.#.....
#..###...###.###...
#..###...........>.
#........###.......
#.######.# #.#####.
#..# ###.###.######
##.# #.............
#.# #.#.##..######


You could see 4 gnolls and a frilled lizard.

Vanquished Creatures
  A sky beast (D:4)
  A centaur (D:5)
  A howler monkey (D:4)
  A hound (D:4)
  An orc wizard (D:5)
  An iguana (D:4)
  A worker ant (D:4)
  3 adders (D:3)
  A shadow imp (D:4)
  2 oozes
  3 dart slugs
  4 leopard geckos
  8 orcs
  4 ball pythons
  4 bats
  5 giant cockroaches
  10 goblins
  7 hobgoblins
  7 jackals
  3 quokkas
  4 frilled lizards
  6 kobolds
  5 rats
83 creatures vanquished.

Notes
Turn   | Place    | Note
-------+----------+-------------------------------------------
     0 | D:1      | miragecloak the Naga Transmuter began the quest for the Orb.
     0 | D:1      | Reached XP level 1. HP: 18/18 MP: 3/3
   224 | D:1      | Reached XP level 2. HP: 13/25 MP: 3/5
   517 | D:1      | HP: 1/25 [jackal (1)]
   833 | D:1      | Reached XP level 3. HP: 27/31 MP: 4/6
  1192 | D:2      | Learned a level 3 spell: Spider Form
  1233 | D:2      | Found a sparkling altar of Nemelex Xobeh.
  1547 | D:2      | Reached skill level 1 in Poison Magic
  1570 | D:2      | Found a shattered altar of Ashenzari.
  1574 | D:2      | Saw a vision of the Shoals and the Spider Nest.
  1574 | D:2      | Noticed a redback
  1574 | D:2      | Noticed a scorpion
  1574 | D:2      | Noticed a merfolk
  1574 | D:2      | Noticed a hippogriff
  1574 | D:2      | Noticed a wolf spider
  1574 | D:2      | Noticed a centaur
  1574 | D:2      | Noticed a sea snake
  1574 | D:2      | Noticed a redback
  1575 | D:2      | Noticed a sea snake
  1576 | D:2      | Noticed a hippogriff
  1576 | D:2      | Noticed a hippogriff
  1577 | D:2      | Noticed a scorpion
  1577 | D:2      | Noticed a redback
  1811 | D:3      | Reached XP level 4. HP: 38/38 MP: 4/7
  2717 | D:4      | Reached XP level 5. HP: 44/44 MP: 4/8
  2772 | D:4      | Found a stormy altar of Qazlal.
  3013 | D:4      | Reached skill level 4 in Unarmed Combat
  3085 | D:4      | Found a bloodstained altar of Trog.
  3208 | D:4      | Reached XP level 6. HP: 51/51 MP: 5/9
  3309 | D:5      | Entered Level 5 of the Dungeon
  3332 | D:5      | Noticed a sky beast
  3348 | D:4      | Killed a sky beast
  3354 | D:4      | Gained mutation: You passively map a small area around you. [mutagenic meat]
  3355 | D:4      | Gained mutation: You are partially covered in iridescent scales. (AC +2) [mutagenic meat]
  3356 | D:4      | Gained mutation: Your muscles are strong. (Str +2) [mutagenic meat]
  3566 | D:5      | Reached skill level 5 in Unarmed Combat
  3792 | D:5      | Found a white marble altar of Elyvilon.
  3840 | D:4      | HP: 1/51 [gnoll/club (2)]
  3841 | D:4      | Slain by a gnoll

Skill      XL: |  1  2  3  4  5  6 |
---------------+-------------------+-----
Transmutations | 3 4 |  4.3
Poison Magic   | 1 2 3 |  3.3
Unarmed Combat | 4 5 |  5.8
Fighting       | |  1.0
Dodging        | |  1.5
Spellcasting   | |  2.0

Action                   |  1- 3 |  4- 6 || total
-------------------------+-------+-------++-------
Melee: Unarmed           |   113 |   120 ||   233
       Headbutt          |    17 |       ||    17
 Cast: Beastly Appendage |    20 |       ||    20
       Spider Form       |     6 |    30 ||    36
  Use: Scroll            |       |     4 ||     4
 Stab: Sleeping          |       |     1 ||     1
  Eat: Chunk             |     2 |    13 ||    15
Armor: Robe              |    16 |    10 ||    26
       Skin              |     1 |     9 ||    10
Dodge: Dodged            |    68 |   111 ||   179
